Map: Blackpink LE

Players

Yatima - Winner!

  • Race: Zerg Zerg
  • Spawn Location: 7:00

ILIEKEGGPIE

  • Race: Protoss Protoss
  • League: Platinum
  • Spawn Location: 1:00

VOD

Have the link to the VOD?

Description

Time

  • Played on: April 18, 2018, 8:51 p.m.
  • Length: 14:40
Show
View Real Time Build Order
Export as new Build Order

Yatima Zerg - Winner!

Build Orders: Hatch First 

Get SALT Encoding   

  12  0:01  Drone  
  13  0:12  Overlord  
  13  0:20  Drone  
  14  0:32  Drone  
  14  0:33  Drone  
  16  0:42  Drone  
  17  0:54  Hatchery  
  17  0:55  Drone  
  17  1:09  Spawning Pool  
  16  1:12  Drone  
  16  1:15  Drone  
  18  1:21  Drone  
  19  1:30  Drone  
  20  1:47  Hatchery, Drone  
  20  1:56  Queen  
  22  2:05  Queen  
  22  2:07  Drone  
  25  2:12  Drone x2  
  27  2:16  Overlord  
  27  2:20  Drone  
  28  2:24  Overlord  
  28  2:29  Overlord  
  28  2:35  Drone  
  29  2:38  Drone  
  29  2:41  Queen  
  32  2:45  Drone  
  32  2:49  Drone  
  34  2:56  Drone  
  35  3:01  Drone  
  35  3:02  Drone  
  35  3:03  Queen  
  39  3:07  Drone x3  
  39  3:10  Drone  
  39  3:12  Drone x2  
  45  3:13  Drone  
  45  3:15  Drone  
  47  3:23  Roach Warren  
  47  3:24  Drone, Extractor x2  
  47  3:26  Drone  
  46  3:27  Drone  
  46  3:31  Drone  
  48  3:39  Drone x4  
  48  3:40  Drone x2  
  54  3:44  Drone  
  54  3:46  Queen  
  57  3:54  Spore Crawler  
  57  3:55  Spine Crawler  
  53  3:58  Spine Crawler  
  53  4:01  Spine Crawler x2  
  53  4:02  Drone  
  49  4:14  Roach x3  
  54  4:18  Drone x4  
  54  4:19  Drone  
  58  4:33  Overlord x3, Baneling Nest  
  57  4:48  Drone  
  57  4:49  Overlord x2, Extractor  
  57  4:51  Extractor  
  56  5:03  Drone x4  
  56  5:05  Spore Crawler, Drone  
  56  5:06  Drone x8  
  69  5:07  Drone, Spine Crawler  
  69  5:09  Drone  
  69  5:14  Metabolic Boost  
  69  5:18  Lair  
  69  5:37  Spine Crawler  
  69  5:38  Spine Crawler  
  69  5:39  Drone  
  69  5:40  Drone x7, Spine Crawler, Extractor x2  
  72  5:47  Spore Crawler, Drone x2  
  72  5:48  Drone  
  74  5:52  Roach x3  
  74  5:55  Roach  
  82  6:02  Zergling x2  
  82  6:03  Zergling x10  
  88  6:05  Overlord  
  88  6:19  Drone x2  
  88  6:21  Overlord x6  
  90  6:26  Glial Reconstitution  
  87  6:41  Queen  
  87  6:45  Drone  
  90  6:47  Spore Crawler  
  89  6:57  Drone  
  89  6:58  Drone x2  
  89  6:59  Drone x3  
  89  7:00  Drone  
  96  7:10  Drone x2  
  96  7:11  Spore Crawler, Drone  
  96  7:12  Spine Crawler  
  96  7:13  Hatchery, Spore Crawler, Drone, Extractor  
  96  7:14  Spine Crawler  
  96  7:15  Centrifical Hooks  
  94  7:16  Extractor  
  93  7:52  Drone  
  93  7:53  Drone x16  
  110  8:10  Evolution Chamber  
  110  8:11  Evolution Chamber  
  108  8:13  Evolution Chamber  
  108  8:14  Hydralisk Den, Spire  
  108  8:15  Drone  
  108  8:16  Drone x6  
  108  8:17  Infestation Pit  
  111  8:25  Drone x4  
  111  8:26  Queen  
  117  8:30  Hatchery  
  117  8:32  Extractor x2  
  114  8:37  Overlord  
  114  8:38  Overlord x7  
  114  8:42  Zerg Ground Armor Level 1, Zerg Melee Weapons Level 1, Zerg Missile Weapons Level 1  
  114  8:44  Pneumatized Carapace, Muscular Augments  
  114  8:53  Spore Crawler  
  114  8:55  Drone, Spine Crawler  
  113  8:56  Drone, Spine Crawler  
  113  8:57  Drone x8  
  121  9:04  Zergling x2  
  121  9:05  Zergling x2  
  123  9:10  Zergling x2  
  123  9:11  Zergling x6  
  123  9:16  Zergling x2  
  128  9:17  Zergling x2  
  128  9:19  Zergling x4  
  128  9:20  Zergling x4  
  128  9:23  Zergling x12  
  139  9:29  Hydralisk x3  
  144  9:31  Baneling x3  
  144  9:32  Baneling  
  144  9:43  Zergling x14  
  151  9:55  Grooved Spines, Zergling x26  
  164  10:00  Hive  
  164  10:01  Hydralisk x2  
  164  10:05  Hydralisk  
  164  10:06  Hydralisk x5  
  180  10:19  Corruptor  
  180  10:20  Corruptor x9  
  200  10:37  Overseer  
  200  10:38  Overseer x2  
  200  10:42  Baneling  
  200  10:43  Baneling x26  
  200  10:44  Baneling x29  
  200  10:45  Baneling x14  
  200  10:46  Baneling  
  200  10:55  Overlord  
  200  10:56  Overlord  
  200  10:59  Overlord  
  200  11:00  Overseer  
  200  11:19  Greater Spire  
  200  11:20  Zerg Ground Armor Level 2, Adrenal Glands  
  200  11:21  Zerg Missile Weapons Level 2  
  200  11:31  Overlord  
  200  11:44  Spore Crawler x2  
  200  11:45  Spine Crawler x2  
  200  11:46  Drone  
  199  11:47  Drone x4, Spine Crawler x2  
  174  12:29  Hydralisk  
  152  12:30  Hydralisk x11  
  152  12:31  Zergling x24  
  152  12:32  Zergling x30  
  174  12:48  Zergling x26  
  174  12:49  Zergling x30  
  200  13:05  Spire  
  190  13:53  Brood Lord x4  
Show
View Real Time Build Order
Export as new Build Order

ILIEKEGGPIE Protoss 

Build Orders:  

Get SALT Encoding   

  12  0:01  Probe  
  13  0:14  Probe  
  14  0:26  Pylon  
  14  0:28  Probe  
  15  0:40  Probe  
  15  0:48  Probe  
  16  0:56  Gateway  
  17  1:00  Gateway  
  17  1:02  Pylon  
  17  1:04  Probe  
  18  1:12  Probe  
  19  1:22  Probe  
  20  1:30  Assimilator  
  20  1:47  Cybernetics Core  
  20  1:51  Nexus  
  20  1:59  Probe  
  21  2:08  Probe  
  22  2:16  Assimilator, Probe  
  23  2:24  Adept  
  23  2:26  Adept, Probe  
  28  2:36  Warp Gate  
  28  2:38  Probe  
  29  2:53  Pylon  
  29  3:02  Probe  
  30  3:14  Robotics Facility, Probe  
  30  3:15  Gateway  
  30  3:16  Gateway  
  31  3:23  Probe  
  31  3:26  Probe  
  33  3:33  Pylon  
  33  3:35  Probe  
  33  3:38  Probe  
  35  3:47  Pylon  
  35  4:07  Immortal  
  43  4:24  Probe  
  43  4:26  Probe  
  43  4:30  Pylon  
  45  4:36  Probe  
  38  4:42  Pylon, Warp Prism  
  38  4:47  Sentry x3  
  38  4:52  Probe  
  46  4:56  Probe  
  48  5:00  Probe  
  49  5:08  Probe  
  49  5:12  Immortal  
  50  5:15  Pylon  
  50  5:20  Gateway  
  54  5:22  Gateway  
  54  5:46  Stalker x2  
  54  5:47  Stalker x2  
  62  6:13  Forge  
  58  6:49  Stalker x3  
  64  7:08  Sentry  
  66  7:30  Protoss Ground Weapons Level 1  
  64  7:47  Stalker x2  
  64  7:48  Stalker  
  64  7:51  Probe x2  
  66  7:55  Immortal  
  66  7:56  Pylon  
  66  7:58  Assimilator, Pylon  
  66  8:01  Assimilator  
  70  8:08  Pylon  
  70  8:09  Pylon  
  70  8:12  Pylon  
  70  8:20  Sentry  
  70  8:21  Sentry x3  
  78  8:28  Nexus  
  78  8:29  Probe  
  78  8:30  Pylon, Probe  
  78  8:32  Immortal  
  80  8:34  Pylon  
  80  8:38  Probe x2  
  86  8:50  Stalker, Pylon  
  86  8:52  Stalker  
  86  8:54  Zealot  
  86  8:55  Zealot x2  
  96  8:56  Zealot  
  96  9:33  Zealot  
  96  9:34  Zealot x2  
  96  9:35  Zealot x3  
  108  9:41  Twilight Council  
  108  9:54  Pylon  
  108  9:55  Immortal  
  108  9:56  Pylon  
  108  10:01  Zealot x2  
  108  10:02  Zealot x4  
  124  10:12  Assimilator  
  124  10:17  Assimilator  
  124  10:28  Observer  
  125  10:41  Charge  
  125  10:51  Protoss Ground Weapons Level 2  
  125  11:10  Robotics Bay  
  125  11:14  Robotics Facility x2, Stalker  
  125  11:15  Stalker x4  
  135  11:44  Stalker x2  
  135  11:45  Stalker  
  135  11:46  Stalker x3  
  147  12:03  Gateway  
  147  12:05  Gateway  
  147  12:07  Gateway  
  65  12:56  Nexus  
  65  13:07  Stalker x3  
  65  13:08  Stalker x3  
  77  13:33  Zealot x2  
  77  13:34  Zealot x3  
  48  13:35  Sentry  
  44  14:02  Sentry x2  
  40  14:03  Sentry x2  
Tags
 
League
Platinum
Matchup
PvZ
Replay Pack
Multi
Spawn Locations
Cross Positions
Add a new tag
Caveats
  • Supply blocks, unpowered buildings, or Contaminate may cause inaccurate times.
  • Supply counts are checked every 10 seconds.